 Dungeon Crawl Stone Soup version 0.21.0-37-g46506fa (webtiles) character file.

45 tidbits the Digger (level 3, -1/25 HPs)
             Began as a Gnoll Earth Elementalist on Feb 1, 2018.
             Slain by an orc (5 damage)
             ... on level 2 of the Dungeon.
             The game lasted 00:05:00 (352 turns).

tidbits the Digger (Gnoll Earth Elementalist)        Turns: 352, Time: 00:05:01

Health: -1/25      AC:  4    Str: 10    XL:     3   Next: 64%
Magic:  3/9        EV: 14    Int: 18    God:
Gold:   0          SH:  0    Dex: 15    Spells: 9/12 levels left

rFire    . . .     SeeInvis .   a - +0 short sword
rCold    . . .     Gourm    .   (no shield)
rNeg     . . .     Faith    .   B - +0 robe
rPois    .         Spirit   .   E - +1 helmet
rElec    .         Reflect  .   (no cloak)
rCorr    .         Harm     .   (no gloves)
MR       .....                  (no boots)
Stlth    +++.......             (no amulet)
HPRegen  0.08/turn              (no ring)
MPRegen  0.11/turn              (no ring)

@: no status effects
A: distributed training, fangs 1, strong nose
a: no special abilities


You were on level 2 of the Dungeon.
You were not hungry.

You visited 1 branch of the dungeon, and saw 3 of its levels.

Inventory:

Hand Weapons
 a - a +0 short sword (weapon)
 i - a +0 hunting sling
Missiles
 b - 42 stones (quivered)
 m - 14 arrows
Armour
 j - a +0 helmet
 n - a +2 ring mail of fire resistance
   (You took it off an orc on level 2 of the Dungeon)
 B - a +0 robe (worn)
 E - a +1 helmet (worn)
Wands
 d - a wand of digging (6)
Scrolls
 f - a scroll of identify {unknown}
 g - 2 scrolls of random uselessness {unknown}
 h - a scroll of enchant armour {unknown}
 k - a scroll of fear {unknown}
Potions
 l - 2 potions of lignification
Books
 e - a book of Geomancy

   Spells                             Type                      Level
   a - Sandblast                      Earth                        1
   b - Passwall                       Transmutation/Earth          2
   c - Stone Arrow                    Conjuration/Earth            3
   d - Petrify                        Transmutation/Earth          4
   e - Lee's Rapid Deconstruction     Earth                        5
Comestibles
 c - 2 rations


   Skills:
 + Level 0.8 Fighting
 + Level 0.8 Short Blades
 + Level 0.8 Long Blades
 + Level 0.8 Axes
 + Level 0.8 Maces & Flails
 + Level 0.8 Polearms
 + Level 0.8 Staves
 + Level 0.8 Slings
 + Level 0.8 Bows
 + Level 0.8 Crossbows
 + Level 0.8 Throwing
 + Level 0.8 Armour
 + Level 4.5 Dodging
 + Level 4.1 Stealth
 + Level 0.8 Shields
 + Level 0.8 Unarmed Combat
 + Level 5.0 Spellcasting
 + Level 0.5 Conjurations
 + Level 0.5 Hexes
 + Level 0.5 Charms
 + Level 0.5 Summonings
 + Level 0.5 Necromancy
 + Level 0.5 Translocations
 + Level 2.1 Transmutations
 + Level 0.5 Fire Magic
 + Level 0.5 Ice Magic
 + Level 0.5 Air Magic
 + Level 5.4 Earth Magic
 + Level 0.5 Poison Magic
 + Level 1.0 Invocations
 + Level 0.8 Evocations


You had 9 spell levels left.
You knew the following spells:

 Your Spells              Type           Power        Failure   Level  Hunger
a - Sandblast             Erth           ###...       1%          1    None
p - Passwall              Tmut/Erth      ###.......   4%          2    #......


Dungeon Overview and Level Annotations

Branches:
Dungeon (3/15)

Altars:


Innate Abilities, Weirdness & Mutations

Your experience applies equally to all skills.
You have very sharp teeth.
Your uncanny sense of smell can sniff out nearby items.


Message History

Casting: Sandblast
Confirm with . or Enter, or press ? or * to list all spells.
You don't have enough magic to cast that spell.
You hit the orc.
The orc is severely wounded.
The orc closely misses you.
Okay, then.
You hit the orc but do no damage.
The orc is severely wounded.
The orc hits you with a whip.
You completely miss the orc. You bite the orc, but do no damage.
The orc is severely wounded.
The orc hits you with a whip.
You barely miss the orc.
The orc is severely wounded.
The orc closely misses you.
You hit the orc but do no damage. You bite the orc, but do no damage.
The orc is severely wounded.
The orc closely misses you.
You hit the orc but do no damage.
The orc is severely wounded.
The orc hits you with a whip.
Casting: Sandblast
Confirm with . or Enter, or press ? or * to list all spells.
Aiming: Sandblast
Press: ? - help, Shift-Dir - straight line, f/p - orc
Aim: an orc, wielding a whip and wearing a chain mail (severely wounded)
The blast of sand misses the orc.
b - 42 stones The orc closely misses you.
You hit the orc.
The orc is almost dead.
The orc hits you but does no damage.
You closely miss the orc.
The orc is almost dead.
The orc hits you with a whip.
You closely miss the orc.
The orc is almost dead.
The orc hits you but does no damage.
You hit the orc.
You kill the orc!
Things that are here:
a whip; a chain mail
Things that are here:
a club; a kobold corpse
There is a stone staircase leading down, spattered with blood here.
You climb downwards.
An orc wizard comes into view. It is wielding a dagger.
The giant cockroach barely misses you. The orc barely misses you.
The giant cockroach barely misses you.
There is a stone staircase leading up here.
Unknown command.
The orc misses you. The giant cockroach closely misses you.
You climb upwards.
There is a stone staircase leading down, spattered with blood here.
Unknown command.
You hit the orc.
The orc is severely wounded.
The giant cockroach misses you. The orc misses you.
You hit the orc.
You kill the orc!
The giant cockroach completely misses you.
You hit the giant cockroach but do no damage.
The giant cockroach bites you but does no damage.
You hit the giant cockroach.
You kill the giant cockroach!
Things that are here:
a chain mail; a whip
Items here: )) [ †† a club; a shiny ring mail; a club; an orc corpse; a kobold corpse
n - a shiny ring mail
There is a stone staircase leading down, spattered with blood here.
You climb downwards.
The orc hits you but does no damage. The orc closely misses you.
The orc misses you. The orc wizard casts a spell at you.
The puff of flame hits you!
* * * LOW HITPOINT WARNING * * *
The orc closely misses you. The orc hits you but does no damage.
There is a stone staircase leading up here.
Unknown command.
Unknown command.
The orc closely misses you. The orc barely misses you.
The orc completely misses you.
You climb upwards.
There is a stone staircase leading down, spattered with blood here.
Unknown command.
You hit the orc.
The orc is heavily wounded.
The orc barely misses you. The orc completely misses you.
You hit the orc.
The orc is severely wounded.
The orc hits you but does no damage. x2
You barely miss the orc. You bite the orc, but do no damage.
The orc is severely wounded.
The orc hits you but does no damage. The orc hits you.
* * * LOW HITPOINT WARNING * * *
You barely miss the orc. You bite the orc.
The orc is almost dead.
The orc barely misses you. The orc hits you.
You die...

##########
.......o@#
########o#
#o# #.#
#.# #.#
#.# #.#
#.#


You could see 3 orcs.

Vanquished Creatures
  Robin (D:2)
  A dart slug (D:2)
  2 orcs (D:2)
  3 giant cockroaches
  9 goblins
  5 hobgoblins (D:2)
  A frilled lizard (D:2)
  4 kobolds
26 creatures vanquished.

Notes
Turn   | Place    | Note
-------+----------+-------------------------------------------
     0 | D:1      | tidbits the Gnoll Earth Elementalist began the quest for the Orb.
     0 | D:1      | Reached XP level 1. HP: 13/13 MP: 6/6
    98 | D:1      | Reached skill level 2 in Transmutations
   157 | D:2      | Reached XP level 2. HP: 19/19 MP: 3/7
   161 | D:2      | Learned a level 2 spell: Passwall
   197 | D:2      | Noticed Robin
   218 | D:2      | Killed Robin
   218 | D:2      | Reached skill level 5 in Spellcasting
   218 | D:2      | Reached XP level 3. HP: 25/25 MP: 4/9
   316 | D:2      | Reached skill level 1 in Invocations
   352 | D:2      | Slain by an orc

Skill      XL: |  1  2  3 |
---------------+----------+-----
Transmutations | 2 |  2.1
Spellcasting   | 5 |  5.0
Invocations    | 1 |  1.0
Fighting       | |  0.8
Short Blades   | |  0.8
Long Blades    | |  0.8
Axes           | |  0.8
Maces & Flails | |  0.8
Polearms       | |  0.8
Staves         | |  0.8
Slings         | |  0.8
Bows           | |  0.8
Crossbows      | |  0.8
Throwing       | |  0.8
Armour         | |  0.8
Dodging        | |  4.5
Stealth        | |  4.1
Shields        | |  0.8
Unarmed Combat | |  0.8
Conjurations   | |  0.5
Hexes          | |  0.5
Charms         | |  0.5
Summonings     | |  0.5
Necromancy     | |  0.5
Translocations | |  0.5
Fire Magic     | |  0.5
Ice Magic      | |  0.5
Air Magic      | |  0.5
Earth Magic    | |  5.4
Poison Magic   | |  0.5
Evocations     | |  0.8

Action                   || total
-------------------------++-------
Melee: Unarmed           ||    24
       Short sword       ||    19
       Bite              ||     4
 Cast: Sandblast         ||    23
       Passwall          ||     2
  Use: Potion            ||     2
Armor: Skin              ||    39
       Robe              ||     9
Dodge: Dodged            ||    33

Table legend:
 A = Turns spent in this place as a percentage of turns spent in the entire game.
 B = Non-inter-level travel turns spent in this place as a percentage of non-inter-level travel turns spent in the entire game.
 C = Inter-level travel turns spent in this place as a percentage of turns spent in this place.
 D = Turns resting spent in this place as a percentage of non-inter-level travel turns spent in this place.
 E = Turns spent auto-exploring this place as a percentage of non-inter-level travel turns spent in this place.
 F = Non-inter-level travel turns spent in this place divided by the number of levels of this place that you've seen.
                   A       B       C       D       E      F
               +-------+-------+-------+-------+-------+----------------------
         Total | 100.0 | 100.0 |   0.0 |   0.0 |   0.0 | 117.3
       Dungeon | 100.0 | 100.0 |   0.0 |   0.0 |   0.0 | 117.3
               +-------+-------+-------+-------+-------+----------------------

Table legend:
 A = Kills in this place as a percentage of kills in entire the game.
 B = Kills by you in this place as a percentage of kills by you in the entire game.
 C = Kills by friends in this place as a percentage of kills by friends in the entire game.
 D = Other kills in this place as a percentage of other kills in the entire game.
 E = Experience gained in this place as a percentage of experience gained in the entire game.
 F = Experience gained in this place divided by the number of levels of this place that you have seen.
                   A       B       C       D       E      F
               +-------+-------+-------+-------+-------+----------------------
         Total | 100.0 | 100.0 |   N/A |   N/A | 100.0 |  21.7
       Dungeon | 100.0 | 100.0 |   N/A |   N/A | 100.0 |  21.7
               +-------+-------+-------+-------+-------+----------------------

Vault maps used:
D:1:      scummos_arrival_simple_crosswalls
D:2:      first_ration, kennysheep_generic_room_5, uniq_robin
D:3:      elyvilon_altar_4
